 Dungeon Crawl Stone Soup version 0.27.1-37-g7b29ead8ac (webtiles) character file.

Game seed: 11768292470244215054

832 cbfl8 the Covered (level 7, -1/61 HPs)
             Began as a Minotaur Fighter on May 3, 2023.
             Slain by an ufetubus (4 damage)
             ... on level 5 of the Dungeon.
             The game lasted 00:06:37 (5719 turns).

cbfl8 the Covered (Minotaur Fighter)                Turns: 5719, Time: 00:06:37

Health: -1/61      AC: 11    Str: 20    XL:     7   Next: 65%
Magic:  6/6        EV:  6    Int:  5    God:
Gold:   123        SH: 10    Dex: 12    Spells: 6/6 levels left

rFire    . . .     SeeInvis .   a - +0 war axe
rCold    . . .     Faith    .   c - +0 kite shield
rNeg     . . .     Spirit   .   e - +0 chain mail
rPois    +         Reflect  .   (helmet restricted)
rElec    .         Harm     .   (no cloak)
rCorr    .         Rampage  .   k - +0 pair of gloves
Will     .....                  (no boots)
Stlth    ..........             (no amulet)
HPRegen  0.20/turn              g - ring of poison resistance
MPRegen  0.10/turn              (no ring)

@: no status effects
A: horns 2, retaliatory headbutt
a: no special abilities


You were on level 5 of the Dungeon.
You visited 1 branch of the dungeon, and saw 5 of its levels.

You collected 188 gold pieces.
You spent 65 gold pieces at shops.

Inventory:

Hand Weapons
 a - a +0 war axe (weapon)
Missiles
 j - a throwing net (quivered)
Armour
 c - a +0 kite shield (worn)
 e - a +0 chain mail (worn)
 k - a +0 pair of gloves (worn)
Jewellery
 g - a ring of poison resistance (left hand)
Scrolls
 b - a scroll of silence
 d - a scroll of teleportation
Potions
 f - a potion of mutation
 i - a potion of brilliance


   Skills:
 + Level 5.1 Fighting
 + Level 5.7 Axes
 + Level 6.0 Armour
 + Level 2.6 Dodging
 + Level 0.2 Stealth
 + Level 5.2 Shields
 * Level 2.8 Evocations


You had 6 spell levels left.
You didn't know any spells.
Your spell library contained the following spells:

 Spells                   Type           Power      Damage    Failure   Level
 Summon Small Mammal      Summ           0%         N/A       100%        1
 Call Canine Familiar     Summ           0%         N/A       100%        3
 Summon Guardian Golem    Hex/Summ       0%         N/A       100%        3
 Malign Gateway           Summ/Tloc      0%         N/A       100%        7
 Summon Horrible Things   Summ           0%         N/A       100%        8


Dungeon Overview and Level Annotations

Branches:
Dungeon (5/15)
 Temple: D:4-7

Altars:
The Shining One

Shops:
D:1 *   D:3 ?

Annotations:
D:1 Edmund


Innate Abilities, Weirdness & Mutations

You have a pair of horns on your head.
You reflexively headbutt those who attack you in melee.


Message History

An orc is nearby!
An orc is nearby!
An orc is nearby!
An orc is nearby!
You slash the orc!
You kill the orc!
An ogre comes into view. It is wielding a +0 giant spiked club.
An ogre is nearby!
The ogre shouts!
An ogre is nearby!
An ogre is nearby!
You closely miss the ogre.
The ogre hits you with a +0 giant spiked club!
You hit the ogre but do no damage.
An ufetubus comes into view.
You block the ogre's attack.
The ufetubus shouts!
You slash the ogre!
The ogre is moderately wounded.
The ogre hits you with a +0 giant spiked club.
You slash the ogre!
The ogre is severely wounded.
The ogre hits you with a +0 giant spiked club!!
You are too injured to fight recklessly!
You are too injured to fight recklessly!
You barely miss the ogre.
The ogre is severely wounded.
The ogre hits you with a +0 giant spiked club!!
* * * LOW HITPOINT WARNING * * *
You barely miss the ogre.
The ogre is severely wounded.
You block the ogre's attack.
You hit the ogre.
The ogre is almost dead.
You block the ogre's attack. x2
You hit the ogre.
You kill the ogre!
The ufetubus hits you but does no damage.
The ufetubus hits you.
You die...

#####
#...#
#...#
#<..#
#...#
#...####
#......#
#..).#.#
#...@#
.#
####5#
.. #..
#. ##.#
.. ...
.## ..


You could see an ufetubus.

Vanquished Creatures
  A sky beast (D:3)
  A necrophage (D:4)
  3 ogres
  Blork the orc (D:3)
  An orc priest (D:4)
  A hound (D:4)
  A jelly (D:4)
  Natasha (D:4)
  4 orc wizards
  A hound skeleton (D:4)
  Robin (D:4)
  8 gnolls
  An adder (D:3)
  2 worms
  2 dart slugs (D:4)
  17 orcs
  5 endoplasms
  2 giant cockroaches
  15 goblins
  6 hobgoblins
  3 jackals (D:2)
  3 quokkas
  3 ball pythons
  6 bats
  6 kobolds
  5 rats
100 creatures vanquished.

Vanquished Creatures (others)
  6 plants (D:3)
6 creatures vanquished.

Grand Total: 106 creatures vanquished

Notes
Turn   | Place    | Note
-------+----------+-------------------------------------------
     0 | D:1      | cbfl8 the Minotaur Fighter began the quest for the Orb.
     0 | D:1      | Reached XP level 1. HP: 19/19 MP: 0/0
   196 | D:1      | Reached XP level 2. HP: 21/27 MP: 1/1
   302 | D:1      | Found Iskir's General Store.
   619 | D:1      | Found a faded altar of an unknown god.
   902 | D:2      | Reached XP level 3. HP: 33/33 MP: 2/2
   905 | D:2      | Reached skill level 4 in Armour
  1423 | D:2      | Found a glowing golden altar of the Shining One.
  1535 | D:3      | Reached XP level 4. HP: 16/41 MP: 3/3
  1537 | D:3      | Reached skill level 1 in Evocations
  2386 | D:3      | Found Rubao's Magic Scroll Emporium.
  2396 | D:3      | Bought a scroll of teleportation for 39 gold pieces
  2396 | D:3      | Bought a scroll of identify for 26 gold pieces
  2824 | D:3      | Reached skill level 1 in Dodging
  2912 | D:4      | Reached XP level 5. HP: 27/47 MP: 4/4
  3095 | D:4      | Identified the +0 helmet of Slovenliness {Dex+3 Stlth+}
  3095 | D:4      | Noticed Robin
  3103 | D:4      | Killed Robin
  3850 | D:4      | Noticed a necrophage
  3858 | D:4      | Killed a necrophage
  3859 | D:4      | Reached XP level 6. HP: 54/55 MP: 5/5
  4006 | D:4      | Noticed Blork the orc
  4172 | D:3      | Killed Blork the orc
  4173 | D:3      | Reached skill level 5 in Armour
  4435 | D:4      | Reached skill level 5 in Fighting
  4619 | D:4      | Reached skill level 5 in Axes
  4619 | D:4      | Reached XP level 7. HP: 43/61 MP: 6/6
  4976 | D:4      | Noticed Edmund
  4978 | D:4      | Noticed Natasha
  5292 | D:3      | Reached skill level 5 in Shields
  5449 | D:4      | Reached skill level 6 in Armour
  5456 | D:4      | Killed Natasha
  5705 | D:5      | Entered Level 5 of the Dungeon
  5716 | D:5      | HP: 2/61 [ogre (19)]
  5719 | D:5      | Slain by an ufetubus

Illustrated notes

Levels and vault maps discovered:
D:1:      elethiomel_arrival_shortcut, layout_basic,
          shapermc_ecumenical_altar_mp_ritualfount, serial_shops, shop,
          hangedman_glass_teeth
D:2:      layout_loops_ring, basic_altar, st_stairs_8, nicolae_underground_beach
D:3:      layout_basic, serial_shops, nicolae_lakefront_shop, chequers_big_river
D:4:      layout_basic, minmay_misc_feat_x, uniq_blork_the_orc, uniq_edmund,
          uniq_natasha, uniq_robin
D:5:      kennysheep_kobold_camp, layout_rooms,
          gammafunk_temple_overflow_statue, kennysheep_windowed_goal

Skill      XL: |  1  2  3  4  5  6  7 |
---------------+----------------------+-----
Shields        | 4 5 |  5.2
Fighting       | 4 5 |  5.1
Armour         | 4 5 6 |  6.0
Axes           | 3 4 5 |  5.7
Evocations     | 1 2 |  2.8
Dodging        | 2 |  2.6
Stealth        | |  0.2

Action                   |  1- 3 |  4- 6 |  7- 9 || total
-------------------------+-------+-------+-------++-------
Melee: War axe           |    66 |   119 |    52 ||   237
       Headbutt          |     9 |    22 |    11 ||    42
  Use: Potion            |     1 |       |       ||     1
       Scroll            |       |     2 |     3 ||     5
Armor: Scale mail        |    30 |    34 |       ||    64
       Chain mail        |       |    40 |    19 ||    59
Dodge: Dodged            |    36 |    34 |    15 ||    85
Block: Kite shield       |    42 |    80 |    41 ||   163
